3A
PUT-IN-BAY BC @ MYRTLE BEACH SEAHAWKS
07/30/2028
 
TOP OF THE 1ST
Put-In-Bay BC batting - Pitching for Myrtle Beach Seahawks : RHP Raneem Zogby
Pitching: RHP Raneem Zogby
Batting: RHB Adam Khan 0-0: Fly out, F4 (Line Drive, 4M)
Batting: RHB Andrew Cantrell 0-0: Ball
1-0: Ball
2-0: Swinging Strike
2-1: Foul Ball, location: 2F
2-2: Fly out, F8 (Flyball, 8LD)
Batting: RHB Juan Tellado 0-0: Fly out, F8 (Flyball, 78D)
Top of the 1st over - 0 run(s), 0 hit(s), 0 error(s), 0 left on base; Put-In-Bay 0 - Myrtle Beach 0
BOTTOM OF THE 1ST
Myrtle Beach Seahawks batting - Pitching for Put-In-Bay BC : RHP Joe Shlabotnik
Pitching: RHP Joe Shlabotnik
Batting: RHB Reece Cockin 0-0: Ball
1-0: SINGLE (Line Drive, 89M)
Batting: RHB José Bustillo 0-0: Called Strike
0-1: Reached on error, E6 (Groundball, 6M)
Reece Cockin to second
Batting: RHB Luis Oliva 0-0: Called Strike
0-1: Called Strike
0-2: Foul Ball, location: 2F
0-2: Strikes out looking
Batting: RHB Aquiles Morda 0-0: Ball
1-0: Ball
2-0: Called Strike
2-1: Ball
3-1: Foul Ball, location: 2F
3-2: Foul Ball, location: 2F
3-2: Base on Balls
Reece Cockin to third
José Bustillo to second
Batting: RHB Andy Llewellyn 0-0: GRAND SLAM HOME RUN (Flyball, 78XD), Distance : 453 ft
Batting: LHB Peter Ough 0-0: Foul Ball, location: 2F
0-1: Fly out, F6 (Line Drive, 6)
Batting: LHB Ijsbrand Erkelens 0-0: Foul Ball, location: 2F
0-1: Swinging Strike
0-2: Ball
1-2: Fly out, F7 (Flyball, 7)
Bottom of the 1st over - 4 run(s), 2 hit(s), 1 error(s), 0 left on base; Put-In-Bay 0 - Myrtle Beach 4
TOP OF THE 2ND
Put-In-Bay BC batting - Pitching for Myrtle Beach Seahawks : RHP Raneem Zogby
Batting: LHB Shelby Noonan 0-0: SINGLE (Line Drive, 34)
Batting: RHB Alejandro Márquez 0-0: Ball
1-0: Ball
2-0: Called Strike
2-1: Ball
3-1: Base on Balls
Shelby Noonan to second
Batting: RHB Brock Dean 0-0: Called Strike
0-1: Ball
1-1: SINGLE (Line Drive, 6MD)
Shelby Noonan to third
Alejandro Márquez to second
Batting: LHB Vladya Pugiev 0-0: Ball
1-0: Ball
2-0: Foul Ball, location: 2F
2-1: Fly out, F9 (Flyball, 9S)
Batting: RHB Mike Elzey 0-0: Fly out, F8 (Flyball, 8RD)
Runner from 3rd tags up, SCORES, throw made
Batting: RHB Steven Rohrs 0-0: Called Strike
0-1: Swinging Strike
0-2: Ball
1-2: Strikes out looking
Top of the 2nd over - 1 run(s), 2 hit(s), 0 error(s), 2 left on base; Put-In-Bay 1 - Myrtle Beach 4
BOTTOM OF THE 2ND
Myrtle Beach Seahawks batting - Pitching for Put-In-Bay BC : RHP Joe Shlabotnik
Batting: RHB Melvin Aikey 0-0: Ball
1-0: Ground out 1-3 (Groundball, P)
Batting: RHB Howard Lee 0-0: Ball
1-0: Ball
2-0: Ball
3-0: Called Strike
3-1: Foul Ball, location: 2F
3-2: Foul Ball, location: 2F
3-2: Reached via error on a dropped throw, E3
Batting: RHB Reece Cockin 0-0: Ball
1-0: Called Strike
1-1: Ball
2-1: Ball
3-1: Called Strike
3-2: Base on Balls
Howard Lee to second
Batting: RHB José Bustillo 0-0: Ball
Wild Pitch!
Howard Lee to third
Reece Cockin to second
1-0: Ball
2-0: Ball
3-0: Called Strike
3-1: Called Strike
3-2: Strikes out swinging
Batting: RHB Luis Oliva 0-0: Ball
1-0: Called Strike
1-1: Ball
2-1: Foul Ball, location: 2F
2-2: Strikes out swinging
Bottom of the 2nd over - 0 run(s), 0 hit(s), 1 error(s), 2 left on base; Put-In-Bay 1 - Myrtle Beach 4
TOP OF THE 3RD
Put-In-Bay BC batting - Pitching for Myrtle Beach Seahawks : RHP Raneem Zogby
Batting: RHB Adam Khan 0-0: Ball
1-0: Foul Ball, location: 2F
1-1: Swinging Strike
1-2: Ball
2-2: Ball
3-2: Strikes out swinging
Batting: RHB Andrew Cantrell 0-0: Ball
1-0: Ball
2-0: Swinging Strike
2-1: Swinging Strike
2-2: Strikes out swinging
Batting: RHB Juan Tellado 0-0: Ball
1-0: Reached on error, E6 (Groundball, 6M)
Batting: LHB Shelby Noonan 0-0: Ball
1-0: Fly out, F7 (Flyball, 7LSF)
Top of the 3rd over - 0 run(s), 0 hit(s), 1 error(s), 1 left on base; Put-In-Bay 1 - Myrtle Beach 4
BOTTOM OF THE 3RD
Myrtle Beach Seahawks batting - Pitching for Put-In-Bay BC : RHP Joe Shlabotnik
Batting: RHB Aquiles Morda 0-0: Ball
1-0: Swinging Strike
1-1: Ball
2-1: Foul Ball, location: 2F
2-2: Foul Ball, location: 2F
2-2: Ball
3-2: Strikes out swinging
Batting: RHB Andy Llewellyn 0-0: Called Strike
0-1: Swinging Strike
0-2: Strikes out swinging
Batting: LHB Peter Ough 0-0: Ball
1-0: Called Strike
1-1: Called Strike
1-2: Strikes out swinging
Bottom of the 3rd over - 0 run(s), 0 hit(s), 0 error(s), 0 left on base; Put-In-Bay 1 - Myrtle Beach 4
TOP OF THE 4TH
Put-In-Bay BC batting - Pitching for Myrtle Beach Seahawks : RHP Raneem Zogby
Batting: RHB Alejandro Márquez 0-0: Swinging Strike
0-1: Swinging Strike
0-2: Ball
1-2: Strikes out looking
Batting: RHB Brock Dean 0-0: Ball
1-0: Ball
2-0: Ball
3-0: Called Strike
3-1: Foul Ball, location: 2F
3-2: SOLO HOME RUN (Flyball, 8LXD), Distance : 453 ft
Batting: LHB Vladya Pugiev 0-0: Ball
1-0: Ball
2-0: Called Strike
2-1: Ball
3-1: SINGLE (Groundball, 56D)
Batting: RHB Mike Elzey 0-0: Ball
Vladya Pugiev is caught stealing 2nd base
1-0: Ball
2-0: Foul Ball, location: 2F
2-1: Foul Ball, location: 2F
2-2: Ball
3-2: Strikes out looking
Top of the 4th over - 1 run(s), 2 hit(s), 0 error(s), 0 left on base; Put-In-Bay 2 - Myrtle Beach 4
BOTTOM OF THE 4TH
Myrtle Beach Seahawks batting - Pitching for Put-In-Bay BC : RHP Joe Shlabotnik
Batting: LHB Ijsbrand Erkelens 0-0: Swinging Strike
0-1: Ball
1-1: Foul Ball, location: 2F
1-2: Ball
2-2: Strikes out swinging
Batting: RHB Melvin Aikey 0-0: Ball
1-0: Called Strike
1-1: Swinging Strike
1-2: Strikes out swinging
Batting: RHB Howard Lee 0-0: Ball
1-0: Called Strike
1-1: Called Strike
1-2: Fly out, F9 (Flyball, 9S)
Bottom of the 4th over - 0 run(s), 0 hit(s), 0 error(s), 0 left on base; Put-In-Bay 2 - Myrtle Beach 4
TOP OF THE 5TH
Put-In-Bay BC batting - Pitching for Myrtle Beach Seahawks : RHP Raneem Zogby
Batting: RHB Steven Rohrs 0-0: Fly out, F7 (Flyball, 78S)
Batting: RHB Adam Khan 0-0: Ball
1-0: SINGLE (Line Drive, 56D)
Batting: RHB Andrew Cantrell 0-0: Ball
Adam Khan steals 2nd base
1-0: Called Strike
1-1: Ball
Adam Khan steals 3rd base
2-1: Ball
3-1: Called Strike
3-2: Strikes out swinging
Batting: RHB Juan Tellado 0-0: Called Strike
0-1: Ground out 6-3 (Groundball, 6S)
Top of the 5th over - 0 run(s), 1 hit(s), 0 error(s), 1 left on base; Put-In-Bay 2 - Myrtle Beach 4
BOTTOM OF THE 5TH
Myrtle Beach Seahawks batting - Pitching for Put-In-Bay BC : RHP Joe Shlabotnik
Batting: RHB Reece Cockin 0-0: Ball
1-0: Ball
2-0: Ball
3-0: Base on Balls
Batting: RHB José Bustillo 0-0: Sac Bunt - play at first, batter OUT! 1-3
Reece Cockin to second
Batting: RHB Luis Oliva 0-0: Ball
1-0: Ball
2-0: Foul Ball, location: 2F
2-1: Foul Ball, location: 2F
2-2: Ball
3-2: Fly out, F6 (Line Drive, 6M)
Lined into DP, U6 (Line Drive, 6M)
Bottom of the 5th over - 0 run(s), 0 hit(s), 0 error(s), 0 left on base; Put-In-Bay 2 - Myrtle Beach 4
TOP OF THE 6TH
Put-In-Bay BC batting - Pitching for Myrtle Beach Seahawks : RHP Raneem Zogby
Batting: LHB Shelby Noonan 0-0: Called Strike
0-1: Ball
1-1: DOUBLE (Line Drive, 78M)
Batting: RHB Alejandro Márquez Balk!
Shelby Noonan to third
0-0: Ball
1-0: Reached on error, E5 (Groundball, 56)
Shelby Noonan scores
Batting: RHB Brock Dean 0-0: Sac Bunt - play at first, batter OUT! 3-4
Alejandro Márquez to second
Batting: LHB Vladya Pugiev 0-0: Ball
1-0: Ball
2-0: Ground out 5-3 (Groundball, 5L)
Batting: RHB Mike Elzey 0-0: Called Strike
0-1: Ball
1-1: Swinging Strike
1-2: Strikes out looking
Top of the 6th over - 1 run(s), 1 hit(s), 1 error(s), 1 left on base; Put-In-Bay 3 - Myrtle Beach 4
BOTTOM OF THE 6TH
Myrtle Beach Seahawks batting - Pitching for Put-In-Bay BC : RHP Joe Shlabotnik
Batting: RHB Aquiles Morda 0-0: Ball
1-0: Ball
2-0: Foul Ball, location: 2F
2-1: SINGLE (Flyball, 7LS)
Batting: RHB Andy Llewellyn 0-0: Ball
1-0: SINGLE (Line Drive, 8RS)
Aquiles Morda to second
Batting: LHB Peter Ough 0-0: Called Strike
0-1: Ball
1-1: Called Strike
1-2: Foul Ball, location: 2F
1-2: Ball
2-2: Strikes out swinging
Batting: LHB Ijsbrand Erkelens 0-0: Ball
1-0: DOUBLE (Groundball, 5L)
Aquiles Morda scores
Andy Llewellyn to third
Batting: RHB Melvin Aikey 0-0: Ball
1-0: Called Strike
1-1: Ball
2-1: Foul Ball, location: 2F
2-2: Ground out 6-3 (Groundball, 6S)
Pitching: RHP Carson Vancuren
Batting: RHB Howard Lee 0-0: Called Strike
0-1: Foul Ball, location: 2F
0-2: Ball
1-2: Foul Ball, location: 2F
1-2: Ball
2-2: Strikes out swinging
Bottom of the 6th over - 1 run(s), 3 hit(s), 0 error(s), 2 left on base; Put-In-Bay 3 - Myrtle Beach 5
TOP OF THE 7TH
Put-In-Bay BC batting - Pitching for Myrtle Beach Seahawks : RHP Raneem Zogby
Pitching: RHP Sam Schultz
Batting: RHB Steven Rohrs 0-0: Fly out, F9 (Flyball, 9S)
Batting: RHB Adam Khan 0-0: Called Strike
0-1: Called Strike
0-2: Ball
1-2: Strikes out looking
Batting: RHB Andrew Cantrell 0-0: Called Strike
0-1: Ball
1-1: Ball
2-1: Called Strike
2-2: DOUBLE (Line Drive, 5D)
Batting: RHB Juan Tellado 0-0: Ball
1-0: SINGLE (Flyball, 7S)
Andrew Cantrell to third
Runner from 3rd tries for Home, SAFE, no throw
Batting: LHB Shelby Noonan 0-0: Ball
1-0: Ball
2-0: Called Strike
2-1: Ball
3-1: Called Strike
3-2: Strikes out swinging
Top of the 7th over - 1 run(s), 2 hit(s), 0 error(s), 1 left on base; Put-In-Bay 4 - Myrtle Beach 5
BOTTOM OF THE 7TH
Myrtle Beach Seahawks batting - Pitching for Put-In-Bay BC : RHP Carson Vancuren
Batting: RHB Reece Cockin 0-0: Ball
1-0: Swinging Strike
1-1: Ball
2-1: Foul Ball, location: 2F
2-2: Foul Ball, location: 2F
2-2: Strikes out looking
Batting: RHB José Bustillo 0-0: Called Strike
0-1: Swinging Strike
0-2: Ground out 5-3 (Groundball, 56S)
Batting: RHB Luis Oliva 0-0: Ball
1-0: Fly out, F5 (Popup, 5L)
Bottom of the 7th over - 0 run(s), 0 hit(s), 0 error(s), 0 left on base; Put-In-Bay 4 - Myrtle Beach 5
TOP OF THE 8TH
Put-In-Bay BC batting - Pitching for Myrtle Beach Seahawks : RHP Sam Schultz
Batting: RHB Alejandro Márquez 0-0: Called Strike
0-1: Ball
1-1: Foul Ball, location: 2F
1-2: Ball
2-2: Strikes out swinging
Batting: RHB Brock Dean 0-0: Fly out, F3 (Popup, 34)
Batting: LHB Vladya Pugiev 0-0: Ball
1-0: Ball
2-0: Foul Ball, location: 2F
2-1: Ball
3-1: Base on Balls
Pinch Hitting: SHB Theron Montecalvo 0-0: Called Strike
0-1: Ball
1-1: Foul Ball, location: 2F
1-2: Ball
2-2: Ball
3-2: Ground out 4-3 (Groundball, 4D)
Top of the 8th over - 0 run(s), 0 hit(s), 0 error(s), 1 left on base; Put-In-Bay 4 - Myrtle Beach 5
BOTTOM OF THE 8TH
Myrtle Beach Seahawks batting - Pitching for Put-In-Bay BC : RHP Carson Vancuren
Now in RF: Oscar McMillan
Batting: RHB Aquiles Morda 0-0: Ball
1-0: Swinging Strike
1-1: Foul Ball, location: 2F
1-2: Foul Ball, location: 2F
1-2: Ground out 4-3 (Groundball, 4S)
Batting: RHB Andy Llewellyn 0-0: Called Strike
0-1: Called Strike
0-2: Strikes out swinging
Batting: LHB Peter Ough 0-0: Called Strike
0-1: Ball
1-1: Reached on error, E3 (Groundball, 34)
Batting: LHB Ijsbrand Erkelens 0-0: Ball
1-0: Foul Ball, location: 2F
1-1: Called Strike
1-2: Foul Ball, location: 2F
1-2: Ball
2-2: Ball
3-2: Strikes out swinging
Bottom of the 8th over - 0 run(s), 0 hit(s), 1 error(s), 1 left on base; Put-In-Bay 4 - Myrtle Beach 5
TOP OF THE 9TH
Put-In-Bay BC batting - Pitching for Myrtle Beach Seahawks : RHP Sam Schultz
Pitching: RHP Alberto Baca
Pinch Hitting: RHB Ryan French 0-0: Foul Ball, location: 2F
0-1: Ball
1-1: Ball
2-1: Foul Ball, location: 2F
2-2: Foul Ball, location: 2F
2-2: Fly out, F8 (Flyball, 78M)
Pinch Hitting: RHB Tony Cruz 0-0: Foul Ball, location: 2F
0-1: Ball
1-1: Swinging Strike
1-2: Ball
2-2: Strikes out looking
Batting: RHB Andrew Cantrell 0-0: Called Strike
0-1: Foul Ball, location: 2F
0-2: Strikes out swinging
Top of the 9th over - 0 run(s), 0 hit(s), 0 error(s), 0 left on base; Put-In-Bay 4 - Myrtle Beach 5
Monday, August 21st, 2017 - OOTP Baseball 17.12 Build 75